 Dungeon Crawl Stone Soup version 0.31-a0-858-g469dc525a8 (webtiles) character file.

Game seed: 13739463987879234981

210 Ethylacetat the Changeling (level 5, -2/27 HPs)
             Began as a Vine Stalker Shapeshifter on Oct 9, 2023.
             Slain by an ufetubus (4 damage)
             ... summoned by Eustachio
             ... on level 4 of the Dungeon.
             The game lasted 00:03:14 (2557 turns).

Ethylacetat the Changeling (VSSh)                   Turns: 2557, Time: 00:03:15

Health: -2/27      AC:  6    Str: 19    XL:     5   Next: 88%
Magic:  0/6        EV: 10    Int: 10    God:
Gold:   146        SH:  0    Dex: 13    Spells: 4/4 levels left

rFire   . .          .
                       - Unarmed
rCold   . . .        (no shield)
rNeg    . . .        e - +0 scale mail
rPois   .            (helmet currently unavailable)
rElec   .            (cloak currently unavailable)
rCorr   .            (gloves currently unavailable)
SInv    .            (boots currently unavailable)
Will    .....        i - amulet of faith Stlth
                     (no ring)
HPRegen 1.04/turn    (no ring)
MPRegen 0.10/turn

%: guardian spirit, faith
@: beast-form
A: beast (slay +2), fangs 2, regeneration 1, magic shield, antimagic bite, no
potion heal 2
a: Begin Untransformation


You were on level 4 of the Dungeon.
You were a hulking beast.
You visited 1 branch of the dungeon, and saw 4 of its levels.

You collected 146 gold pieces.

Inventory:

Armour
 e - a +0 scale mail (worn)
Jewellery
 i - an amulet of faith (around neck)
 n - the amulet "Salelog" {RegenMP Str+2}
   (You found it on level 3 of the Dungeon)

   [amulet of magic regeneration]

   RegenMP:   It increases your rate of magic regeneration.
   Str+2:     It affects your strength (+2).
 p - a +4 ring of protection
Talismans
 c - a beast talisman (active)
 d - a flux talisman
Wands
 o - a wand of paralysis (5)
Scrolls
 a - 2 scrolls of vulnerability {unknown}
 g - 4 scrolls of identify {unknown}
 h - a scroll of fog {unknown}
 k - a scroll of teleportation {unknown}
 m - a scroll of poison {unknown}
 q - a scroll of immolation {unknown}
Potions
 b - a potion of lignification
 f - a potion of resistance {unknown}
 j - 3 potions of heal wounds {unknown}
 l - a potion of haste {unknown}


   Skills:
 + Level 2.5 Fighting
 + Level 2.6 Dodging
 + Level 3.9 Unarmed Combat
 * Level 4.1 Shapeshifting


You had 4 spell levels left.
You didn't know any spells.
Your spell library contained the following spells:

 Spells                   Type           Power      Damage    Failure   Level
 Lesser Beckoning         Tloc           0%         N/A       88%         2
 Gell's Gravitas          Tloc           0%         N/A       98%         3
 Ozocubu's Armour         Ice            0%         N/A       98%         3
 Teleport Other           Tloc           0%         N/A       98%         3
 Ozocubu's Refrigeration  Ice            0%         4d7       100%        7


Dungeon Overview and Level Annotations

Branches:
Dungeon (4/15)
 Temple: D:4-7

Altars:
The Shining One

Shops:
D:3 (

Annotations:
D:4 Eustachio


Innate Abilities, Weirdness & Mutations

You are a hulking beast.
Your limbs bulge with bestial killing power. (Slay +2)
You have extremely sharp teeth.
Your natural rate of healing is unusually fast.
When hurt, damage is shared between your health and your magic reserves.
Your bite disrupts and absorbs the magic of your enemies.
Potions cannot restore your health.


Message History

You hit Eustachio.
Eustachio is severely wounded.
The ufetubus closely misses you. The ufetubus barely misses you.
The iron imp hits you. Eustachio misses you.
You closely miss Eustachio.
Eustachio is severely wounded.
The ufetubus hits you.
The ufetubus hits you but does no damage.
Eustachio falters for a moment.
You barely miss Eustachio.
Eustachio is severely wounded.
The ufetubus barely misses you. The ufetubus hits you. The iron imp hits you!
* * * LOW HITPOINT WARNING * * *
The crimson imp barely misses you. The ufetubus closely misses you.
The ufetubus hits you but does no damage.
Eustachio closely misses you.
You hit Eustachio but do no damage. You bite Eustachio, but do no damage.
Eustachio is severely wounded.
The ufetubus hits you but does no damage.
The ufetubus hits you.
* * * LOW HITPOINT WARNING * * *
The iron imp hits you but does no damage.
The crimson imp blinks!
Eustachio hits you with a +0 rapier.
* * * LOW HITPOINT WARNING * * *
You hit Eustachio. Your bite misses Eustachio.
Eustachio is severely wounded.
The ufetubus barely misses you. The ufetubus closely misses you.
The iron imp hits you but does no damage.
The ufetubus hits you but does no damage. x2
You hit Eustachio. Your bite misses Eustachio.
Eustachio is severely wounded.
Eustachio hits you with a +0 rapier.
* * * LOW HITPOINT WARNING * * *
The ufetubus hits you but does no damage.
The ufetubus hits you.
* * * LOW HITPOINT WARNING * * *
You barely miss Eustachio.
Eustachio is severely wounded.
The ufetubus barely misses you. The ufetubus hits you.
You die...

## ### .. # ###..##
### #.#.....# # #..
#.#.....# #.#..
#...5.# #...
#.5.5.# #... #.h###
#.. ###@.# ###
#..### ### #..
###..######..## ###
#.....#.#.....#.#..
#.....#.#.....#.#..
#.....#.#.....#
#...
#.....#.#.....#
#...
##..######..###
##.†


You could see Eustachio (magic disrupted), an iron imp (summoned), a crimson imp
(summoned) and an ufetubus (summoned).

Vanquished Creatures
  An orc priest (D:4)
  A sleepcap (D:4)
  3 adders
  4 worms
  2 dart slugs
  15 orcs
  7 bats
  11 endoplasms
  2 giant cockroaches
  9 goblins
  6 hobgoblins
  3 jackals (D:2)
  8 quokkas
  6 ball pythons
  3 frilled lizards
  5 kobolds
  7 rats
93 creatures vanquished.

Notes
Turn   | Place    | Note
-------+----------+-------------------------------------------
     0 | D:1      | Ethylacetat the Vine Stalker Shapeshifter began the quest
                  | for the Orb.
     0 | D:1      | Reached XP level 1. HP: 9/9 MP: 2/2
    77 | D:1      | Reached skill level 1 in Fighting
   164 | D:1      | Reached XP level 2. HP: 14/14 MP: 3/3
   441 | D:1      | Reached XP level 3. HP: 18/18 MP: 4/4
   813 | D:2      | Found a faded altar of an unknown god.
   995 | D:2      | Reached XP level 4. HP: 23/23 MP: 5/5
  1762 | D:3      | Found a glowing golden altar of the Shining One.
  1986 | D:3      | Identified the amulet "Salelog" {RegenMP Str+2}
  2093 | D:3      | Found Egei's Antique Weapon Shoppe.
  2244 | D:4      | Reached XP level 5. HP: 17/26 MP: 2/6
  2365 | D:4      | Reached skill level 4 in Shapeshifting
  2542 | D:4      | Noticed Eustachio
  2556 | D:4      | HP: 1/27 [ufetubus[Eustachio] (3)]
  2557 | D:4      | Slain by an ufetubus

Illustrated notes

Levels and vault maps discovered:
D:1:      amcnicky_arrival_abandoned_market, layout_loops_ring,
          dreamdust_princess_corridor, chequers_serial_rivers_room_a,
          minivault_14
D:2:      layout_basic, hellmonk_ecumenical_altar_run_dry, serial_bayou,
          serial_bayou_pond_d, serial_bayou_shore_b, serial_bayou_crossing,
          serial_bayou_pond_c, serial_bayou_pond_e, serial_bayou_pond_c,
          grunt_ministairs_15, minmay_misc_feat_diagonals
D:3:      layout_basic, mainiacjoe_overflow_tiny_flanked, serial_shops, shop
D:4:      cheibrodos_old_hovel, layout_cave_pools,
          minmay_temple_entry_enclosed_plants, nicolae_houndstooth_variations,
          uniq_eustachio, uniq_duvessa

Skill      XL: |  1  2  3  4  5 |
---------------+----------------+-----
Fighting       | 1 2 |  2.5
Dodging        | 2 |  2.6
Shapeshifting  | 4 |  4.1
Unarmed Combat | |  3.9

Action                     |  1- 3 |  4- 6 || total
---------------------------+-------+-------++-------
  Melee: Unarmed           |    89 |   130 ||   219
         Bite              |    24 |    36 ||    60
         Punch             |     2 |     4 ||     6
 Armour: Scale mail        |    46 |   101 ||   147
  Dodge: Dodged            |    23 |    63 ||    86

Table legend: (Time is in decaauts)
 A = Elapsed time spent in this place.
 B = Non-inter-level travel time spent in this place.
 C = Inter-level travel time spent in this place.
 D = Time resting spent in this place.
 E = Time spent auto-exploring this place.
 F = Levels seen in this place.
 G = Mean time per level.
                   A        B        C        D        E       F      G
               +--------+--------+--------+--------+--------+-----+--------+
         Total |   2567 |   2518 |     49 |      0 |   2012 |   4 |  641.8 |
       Dungeon |   2567 |   2518 |     49 |      0 |   2012 |   4 |  641.8 |
               +--------+--------+--------+--------+--------+-----+--------+

Top non-repeatable levels by time:
     D:2: 983 daAuts
     D:1: 766 daAuts
     D:3: 496 daAuts
     D:4: 321 daAuts
